Map: Acid Plant LE

Players

HeRoMaRinE

  • Race: Terran Terran
  • Spawn Location: 11:00

Zest - Winner!

  • Race: Protoss Protoss
  • Spawn Location: 5:00

Event: 2018 WCS Global Finals

VOD

Have the link to the VOD?

Description

Time

  • Played on: Oct. 26, 2018, 2:08 p.m.
  • Length: 10:34

All games in this series

Show
View Real Time Build Order
Export as new Build Order

HeRoMaRinE Terran 

Build Orders: Gas First Reaper Expand, Liberator Opening, Reaper Expand 

Get SALT Encoding   

  12  0:00  SCV  
  13  0:12  SCV  
  14  0:17  Supply Depot  
  14  0:25  SCV  
  14  0:28  Refinery  
  15  0:38  SCV  
  16  0:44  Barracks  
  16  0:50  SCV  
  17  1:02  SCV  
  18  1:15  SCV  
  19  1:31  Reaper, Orbital Command  
  20  1:43  Command Center  
  20  1:55  Factory  
  20  1:58  SCV  
  21  2:06  Barracks Reactor  
  21  2:10  SCV  
  21  2:13  Supply Depot  
  22  2:15  Refinery  
  22  2:22  SCV  
  23  2:35  SCV  
  24  2:41  Hellion  
  24  2:43  Marine, Starport  
  27  2:46  Marine  
  27  2:47  SCV  
  29  2:53  Supply Depot  
  29  2:59  SCV  
  30  3:08  Marine  
  31  3:14  Marine, Widow Mine, SCV  
  31  3:18  Orbital Command  
  34  3:28  Viking  
  34  3:29  SCV  
  34  3:34  Marine  
  37  3:35  Marine  
  37  3:38  Factory Tech Lab  
  39  3:41  SCV  
  39  3:45  SCV  
  41  3:51  Liberator  
  41  3:53  Marine  
  41  3:54  Marine  
  39  3:55  SCV  
  37  4:03  Siege Tank  
  37  4:04  SCV  
  37  4:07  SCV  
  43  4:14  Marine  
  43  4:16  SCV  
  43  4:17  Marine  
  45  4:19  SCV  
  47  4:28  SCV  
  46  4:32  Marine, SCV  
  46  4:34  Marine  
  46  4:38  Siege Tank  
  51  4:40  SCV  
  51  4:44  SCV  
  53  4:48  Barracks  
  53  4:49  Engineering Bay  
  53  4:52  SCV  
  53  4:57  SCV  
  54  5:00  Barracks  
  54  5:04  Supply Depot, SCV  
  54  5:05  Barracks Tech Lab  
  55  5:09  SCV  
  55  5:11  Refinery  
  55  5:12  Refinery  
  56  5:15  Marauder, Stimpack  
  56  5:16  Factory Tech Lab, SCV  
  56  5:19  Missile Turret  
  59  5:21  Terran Infantry Weapons Level 1, SCV  
  60  5:28  SCV  
  60  5:33  SCV  
  60  5:35  Supply Depot  
  62  5:36  Marauder  
  62  5:41  Starport Reactor, SCV  
  65  5:43  Factory Reactor  
  65  5:45  SCV  
  65  5:46  Combat Shield  
  65  5:47  Marauder  
  65  5:49  Marine x2  
  67  5:58  Marauder  
  67  5:59  Supply Depot  
  69  6:07  Marine x2  
  69  6:09  Marauder  
  73  6:14  Supply Depot  
  73  6:15  Supply Depot  
  74  6:19  Marauder, Medivac  
  74  6:20  Medivac  
  74  6:22  Widow Mine x2  
  74  6:25  Marine x2  
  84  6:30  Marauder  
  86  6:36  Supply Depot  
  86  6:41  Marauder  
  86  6:42  Marine x2  
  86  6:44  Widow Mine x2  
  94  6:49  Medivac  
  94  6:51  Marauder, Medivac  
  99  7:01  Command Center  
  99  7:04  Marauder  
  99  7:05  Concussive Shells, Marine x2  
  102  7:13  Marauder  
  102  7:15  Widow Mine x2, Barracks x2  
  108  7:17  SCV  
  108  7:22  Terran Infantry Armor Level 1  
  110  7:30  Marine  
  110  7:32  Supply Depot  
  110  7:36  Liberator x2  
  110  7:38  Supply Depot  
  110  7:53  SCV x2  
  118  7:59  Marine  
  118  8:00  Marauder x2  
  118  8:04  Widow Mine, Barracks Tech Lab  
  118  8:05  Barracks Reactor  
  125  8:07  Marine  
  126  8:13  Widow Mine, Orbital Command  
  126  8:17  Marine  
  126  8:19  Liberator, SCV x2  
  131  8:21  Marauder x2  
  131  8:22  Liberator, Ghost Academy  
  131  8:24  Marauder  
  131  8:26  Widow Mine  
  139  8:32  Supply Depot  
  139  8:34  Widow Mine  
  139  8:35  Marine x2  
  139  8:39  Orbital Command  
  149  8:43  Supply Depot  
  149  8:54  Marine x4  
  153  9:00  Missile Turret, Supply Depot  
  153  9:03  Missile Turret  
  156  9:13  Marine x3  
  156  9:14  Marine  
  156  9:15  Ghost x3  
  163  9:23  Supply Depot  
  162  9:26  Liberator  
  162  9:29  Liberator  
  162  9:30  Marine  
  162  9:31  Marine x3  
  109  9:42  Widow Mine x2  
  109  9:44  Marine x3  
  114  9:47  SCV x2  
  114  9:48  Marine, SCV  
  114  9:51  Marine x2  
  114  9:52  Marine  
  124  9:59  SCV x2  
  124  10:00  SCV  
  124  10:01  Marine  
  124  10:02  Marine x2  
  120  10:10  Marine  
  120  10:11  SCV  
  120  10:12  Marine, SCV  
  120  10:13  Marine  
Show
View Real Time Build Order
Export as new Build Order

Zest Protoss - Winner!

Build Orders: 1 Gate Expand, Double Forge, Blink Stalkers, Chargelot Immortal 

Get SALT Encoding   

  12  0:00  Probe  
  13  0:12  Probe  
  14  0:17  Pylon  
  14  0:24  Probe  
  15  0:32  Probe  
  15  0:38  Gateway  
  15  0:40  Probe  
  16  0:47  Assimilator  
  17  0:51  Probe  
  18  1:03  Probe  
  19  1:15  Probe  
  20  1:25  Cybernetics Core  
  20  1:34  Nexus  
  20  1:37  Probe  
  21  1:43  Pylon  
  21  1:49  Probe  
  21  1:51  Assimilator  
  21  1:52  Adept  
  22  2:01  Probe  
  25  2:04  Warp Gate  
  25  2:09  Stalker  
  25  2:13  Probe  
  28  2:26  Probe  
  28  2:33  Stalker  
  28  2:34  Twilight Council  
  28  2:38  Probe  
  31  2:46  Probe  
  31  2:50  Probe  
  33  2:58  Probe  
  33  3:02  Probe  
  33  3:03  Stalker  
  37  3:07  Blink  
  37  3:10  Probe  
  38  3:22  Gateway  
  38  3:25  Probe x2  
  40  3:33  Pylon, Stalker  
  42  3:37  Probe x2  
  44  3:54  Probe  
  45  4:02  Probe  
  42  4:06  Probe  
  43  4:14  Probe  
  44  4:17  Robotics Facility  
  44  4:18  Probe  
  45  4:27  Nexus  
  43  4:32  Stalker  
  43  4:34  Stalker  
  43  4:35  Probe  
  48  4:42  Forge  
  48  4:43  Probe, Forge  
  47  4:47  Probe  
  48  4:55  Probe, Pylon  
  48  4:56  Assimilator  
  48  4:57  Protoss Ground Weapons Level 1  
  48  4:59  Probe  
  50  5:00  Stalker x2  
  50  5:01  Charge  
  50  5:05  Protoss Ground Armor Level 1  
  54  5:09  Observer  
  54  5:13  Gateway, Probe  
  56  5:15  Gateway x2  
  56  5:24  Gateway  
  56  5:27  Gateway  
  56  5:36  Gateway  
  56  5:37  Probe  
  56  5:38  Probe  
  56  5:43  Probe  
  56  5:46  Observer  
  56  5:49  Probe  
  55  5:52  Pylon  
  55  5:54  Probe  
  55  5:55  Pylon  
  55  5:56  Probe  
  58  6:02  Probe  
  59  6:04  Sentry  
  59  6:06  Probe, Pylon  
  59  6:07  Observer  
  59  6:08  Probe  
  64  6:13  Pylon  
  64  6:14  Probe  
  65  6:18  Probe  
  65  6:24  Probe  
  67  6:26  Probe  
  67  6:28  Immortal  
  67  6:31  Protoss Ground Weapons Level 2  
  72  6:35  Probe  
  72  6:36  Probe  
  72  6:38  Probe  
  75  6:46  Observer  
  75  6:47  Nexus, Pylon  
  75  6:55  Protoss Ground Armor Level 2  
  75  6:57  Zealot x7  
  75  6:58  Zealot  
  91  7:08  Immortal  
  95  7:21  Observer, Stalker x5  
  95  7:22  Zealot x2  
  109  7:39  Zealot  
  109  7:40  Pylon  
  109  7:42  Pylon  
  111  7:48  Zealot x3  
  117  7:58  Warp Prism, Pylon  
  117  8:01  Observer  
  119  8:07  Probe x2  
  119  8:08  Probe  
  122  8:14  Zealot x6  
  122  8:15  Zealot x2  
  122  8:18  Pylon  
  138  8:20  Pylon  
  138  8:21  Pylon  
  138  8:39  Zealot x5, Stalker x3  
  154  8:42  Immortal  
  151  8:49  Observer  
  151  8:51  Probe x4  
  150  8:56  Photon Cannon  
  150  9:02  Stalker  
  150  9:03  Stalker  
  150  9:04  Stalker x2  
  150  9:07  Probe x4  
  162  9:14  Zealot x4  
  170  9:24  Observer  
  91  9:43  Zealot x8  
  91  9:44  Immortal  
  111  9:47  Probe x3  
  114  9:53  Probe  
  115  10:07  Zealot  
  115  10:08  Zealot x7  
  95  10:28  Stalker  
  95  10:29  Stalker x6  
Tags
 
Add a new tag
Caveats
  • Supply blocks, unpowered buildings, or Contaminate may cause inaccurate times.
  • Supply counts are checked every 10 seconds.